AoeStats
← web

Arabia

506440342Analyzed
4v4 RM · 20d ago on Sep 13, 2026· 44m 50s· 8 players
Game mode
Random Map
Map size
Large (8 player)
Population
200
Speed
Normal
Resources
Standard
Victory
Conquest
Starting age
Dark Age
Ending age
Imperial Age
RankedLock teamsTeams togetherTeam positionsShared explorationLock speedFull tech treeHidden civsTurbo modeCheats
Victory
Defeat
🇺🇸 Britons · United States
1274
+14
🇺🇸 Persians · United States
1235
+15
🇦🇷 Vietnamese · Argentina
1217
+16
🇺🇸 Franks · United States
1130
+20
🇳🇨 Maya · New Caledonia
1284
-19
🇨🇭 Lithuanians · Switzerland
1227
-17
🇨🇭 Wei · Switzerland
1190
-15
🇳🇨 Vietnamese · New Caledonia
1167
-14
meep
11:42 Feudal Age
12:19 Loom
18:37 Castle Age
18:08 Scale Barding Armor
18:14 Forging
18:10 Double-Bit Axe
18:59 Gold Mining
19:38 Husbandry
19:51 Bow Saw
20:46 Chain Barding Armor
25:25 Wheelbarrow
26:52 Hand Cart
27:13 Iron Casting
28:36 Gold Shaft Mining
30:32 Stone Mining
web
6:50 Loom
9:02 Feudal Age
10:17 Double-Bit Axe
14:30 Fletching
22:49 Castle Age
20:52 Padded Archer Armor
23:41 Bow Saw
23:13 Horse Collar
23:25 Gold Mining
22:57 Crossbowman
24:00 Bodkin Arrow
26:50 Stone Mining
28:18 Ballistics
30:41 Leather Archer Armor
34:28 Wheelbarrow
37:59 Imperial Age
38:07 Hand Cart
37:53 Town Watch
39:47 Bracer
40:18 Ring Archer Armor
41:12 Conscription
40:49 Elite Longbowman
44:05 Chemistry
Flave Tycoon
5:58 Loom
9:10 Feudal Age
9:52 Double-Bit Axe
9:52 Horse Collar
20:52 Castle Age
19:11 Gold Mining
19:36 Bloodlines
20:59 Scale Barding Armor
21:05 Forging
28:02 Gold Shaft Mining
28:58 Wheelbarrow
29:36 Husbandry
30:43 Chain Barding Armor
30:45 Bow Saw
34:26 Hand Cart
38:51 Imperial Age
38:29 Town Watch
39:05 Cavalier
40:23 Plate Barding Armor
40:23 Iron Casting
40:57 Conscription
41:18 Savar
Vilkian
6:36 Loom
9:56 Feudal Age
10:32 Double-Bit Axe
12:18 Horse Collar
14:47 Fletching
16:09 Padded Archer Armor
21:48 Castle Age
21:54 Crossbowman
22:28 Elite Skirmisher
23:19 Bodkin Arrow
26:27 Wheelbarrow
26:43 Bow Saw
29:36 Leather Archer Armor
31:18 Ballistics
37:10 Thumb Ring
38:50 Gold Mining
39:20 Hand Cart
43:34 Imperial Age
44:22 Bracer
43:46 Arbalester
44:57 Paper Money
45:29 Ring Archer Armor
Bob
8:25 Feudal Age
8:57 Double-Bit Axe
10:19 Horse Collar
15:44 Loom
18:09 Scale Barding Armor
18:14 Forging
18:24 Gold Mining
19:45 Wheelbarrow
23:22 Castle Age
22:47 Bloodlines
24:41 Chain Barding Armor
24:57 Iron Casting
24:40 Bow Saw
24:31 Heavy Plow
29:48 Husbandry
35:49 Hand Cart
38:55 Stone Mining
46:38 Imperial Age
Romx22eZ
6:13 Loom
9:30 Feudal Age
10:59 Double-Bit Axe
13:23 Wheelbarrow
17:32 Castle Age
20:58 Scale Barding Armor
26:23 Horse Collar
33:40 Forging
37:54 Chain Barding Armor
39:10 Bow Saw
43:45 Iron Casting
Boy oh boy
0:26 Loom
8:53 Feudal Age
9:54 Double-Bit Axe
14:06 Fletching
14:20 Horse Collar
22:36 Castle Age
21:06 Gold Mining
22:37 Crossbowman
23:13 Bodkin Arrow
23:28 Bow Saw
23:24 Heavy Plow
27:50 Ballistics
31:00 Thumb Ring
33:02 Wheelbarrow
32:12 Town Watch
32:40 Padded Archer Armor
39:18 Imperial Age
39:42 Hand Cart
39:27 Town Patrol
39:40 Masonry
39:58 Leather Archer Armor
40:06 Bracer
41:31 Chemistry
41:10 Arbalester
43:05 Conscription
42:46 Hul'che Javelineers
42:23 Elite Skirmisher
Chill Trip
6:27 Loom
10:12 Feudal Age
10:54 Double-Bit Axe
10:57 Horse Collar
Connection lost

Rejoining the realm…

Still unreachable

The connection could not be restored.

Session expired

The server has moved on; the page needs a fresh start.